[Event "elllobregat Open-A 2019"]
[Site "El Prat de Llobregat"]
[Date "2019.12.05"]
[Round "3.14"]
[White "Jerez Perez, Alfonso"]
[Black "Girish, A. Koushik"]
[Result "1/2-1/2"]
[ECO "C60"]
[WhiteElo "2369"]
[BlackElo "2506"]
[Annotator "RC"]
[PlyCount "149"]
[EventDate "2019.12.03"]
[EventType "swiss"]
[EventCountry "ESP"]
[SourceTitle "playchess.com"]
[Source "ChessBase"]
[SourceQuality "1"]
[TimeControl "40/5400+30:1800+30"]

1. e4 e5 2. Nf3 Nc6 3. Bb5 g6 4. d4 exd4 5. Nxd4 Bg7 6. Nxc6 bxc6 7. Bc4 Ne7 8. Nc3 O-O 9. O-O Rb8 10. Qf3 d6 11. Rb1 Kh8 12. Bg5 f6 13. Bh4 g5 14. Bg3 f5 15. exf5 Bxf5 16. Bd3 g4 17. Qe2 Bxd3 18. cxd3 Qd7 19. Rfe1 Ng6 20. Ne4 Qf5 21. Rf1 Bd4 22. Kh1 d5 23. Nc3 Nf4 24. Qd2 Nxd3 25. f3 Be5 26. Bxe5+ Nxe5 27. Qd4 Qf4 28. Ne2 Qxd4 29. Nxd4 gxf3 30. Nxf3 Nxf3 31. gxf3 c5 32. b3 Rf4 33. Rbc1 c4 34. bxc4 Rxc4 35. Rxc4 dxc4 36. Rc1 Rb4 37. Rd1 c3 38. Rd8+ Kg7 39. Rd7+ Kf6 40. Rxc7 Rb1+ 41. Kg2 Rb2+ 42. Kg3 c2 43. Kf4 Rxa2 44. Ke3 h5 45. h4 Ke5 46. Kd2 Ra5 47. Rc4 Kd5 48. Rxc2 Kd4 49. Rb2 Rd5 50. Rb7 a5 51. Ra7 Rf5 52. Ra8 Rb5 53. Ra6 Kc4 54. Kc2 Rf5 55. Ra8 Kb4 56. Rb8+ Ka3 57. Rg8 Rc5+ 58. Kb1 Rc4 59. Rg5 Rxh4 60. f4 a4 61. f5 Rb4+ 62. Kc2 h4 63. f6 Rc4+ 64. Kb1 Rf4 65. Rh5 Kb3 66. Rb5+ Kc3 67. Rh5 a3 68. f7 Kb3 69. Rb5+ Ka4 70. Rh5 Rf1+ 71. Ka2 Rf2+ 72. Ka1 Kb3 73. Rb5+ Kc3 74. Rh5 Rxf7 75. Rxh4 1/2-1/2

[Event "elllobregat Open-A 2019"]
[Site "El Prat de Llobregat"]
[Date "2019.12.05"]
[Round "3.15"]
[White "Asis Gargatagli, Hipolito"]
[Black "Gual Pascual, Antonio"]
[Result "0-1"]
[ECO "B07"]
[WhiteElo "2497"]
[BlackElo "2349"]
[Annotator "ChessBase"]
[PlyCount "44"]
[EventDate "2019.12.03"]
[EventType "swiss"]
[EventCountry "ESP"]
[SourceTitle "playchess.com"]
[Source "ChessBase"]
[SourceQuality "1"]
[TimeControl "40/5400+30:1800+30"]

1. e4 d6 2. d4 Nf6 3. Nc3 g6 4. Be3 c6 5. h3 Nbd7 6. f4 e5 7. Nf3 Bg7 8. dxe5 dxe5 9. fxe5 Nh5 10. Bc4 Ng3 11. Bg5 f6 12. exf6 Bxf6 13. Bxf6 Qxf6 14. Rg1 b5 15. Bb3 b4 16. Na4 Ne5 17. Nxe5 Qxe5 18. Qf3 Rf8 19. Qe3 Nf5 20. Qc5 Qxe4+ 21. Kd2 Qf4+ 22. Ke1 Nd4 0-1

[Event "elllobregat Open-A 2019"]
[Site "El Prat de Llobregat"]
[Date "2019.12.05"]
[Round "3.16"]
[White "Alonso Moyano, Jonathan"]
[Black "Erenberg, Ariel"]
[Result "0-1"]
[ECO "B24"]
[WhiteElo "2351"]
[BlackElo "2479"]
[Annotator "ChessBase"]
[PlyCount "70"]
[EventDate "2019.12.03"]
[EventType "swiss"]
[EventCountry "ESP"]
[SourceTitle "playchess.com"]
[Source "ChessBase"]
[SourceQuality "1"]
[TimeControl "40/5400+30:1800+30"]

1. e4 c5 2. Nc3 Nc6 3. Bb5 Nd4 4. Bc4 e6 5. Nge2 a6 6. d3 b5 7. Bb3 Nxb3 8. axb3 Bb7 9. O-O Nf6 10. f4 Be7 11. f5 exf5 12. Rxf5 d5 13. exd5 Nxd5 14. Nxd5 Bxd5 15. Nc3 Bb7 16. Be3 O-O 17. Qd2 Qd7 18. Raf1 g6 19. R5f2 f5 20. Bg5 Rae8 21. Ne2 Rf7 22. Qf4 Bd6 23. Qh4 Be5 24. b4 cxb4 25. Qxb4 Qc7 26. Nf4 Bg7 27. Bh4 Qc6 28. Rd2 h6 29. Be1 Rfe7 30. Rdf2 g5 31. Nh5 Re2 32. h4 Qxg2+ 33. Rxg2 Rxg2+ 34. Kh1 Rg4+ 35. Kh2 Re2+ 0-1

[Event "elllobregat Open-A 2019"]
[Site "El Prat de Llobregat"]
[Date "2019.12.06"]
[Round "4.2"]
[White "Alonso Rosell, Alvar"]
[Black "Kjartansson, Gudmundur"]
[Result "1/2-1/2"]
[ECO "D30"]
[WhiteElo "2548"]
[BlackElo "2448"]
[Annotator "ChessBase"]
[PlyCount "145"]
[EventDate "2019.12.03"]
[EventType "swiss"]
[EventCountry "ESP"]
[SourceTitle "playchess.com"]
[Source "ChessBase"]
[SourceQuality "1"]
[TimeControl "40/5400+30:1800+30"]

1. d4 d5 2. c4 e6 3. Nf3 Nf6 4. e3 b6 5. cxd5 exd5 6. Bb5+ c6 7. Bd3 Bd6 8. Nc3 O-O 9. O-O Re8 10. b3 Nbd7 11. Bb2 Bb7 12. Rc1 h6 13. Bf5 Ba6 14. Re1 g6 15. Bd3 Bxd3 16. Qxd3 Ne4 17. Qa6 Qc8 18. Qe2 Qb7 19. Nxe4 dxe4 20. Nd2 c5 21. Qg4 b5 22. Qh4 cxd4 23. Qxh6 Bf8 24. Qh4 Be7 25. Qh3 Bf6 26. exd4 Nf8 27. Qg4 Bg7 28. Nxe4 Qa6 29. a3 f5 30. Nc5 fxg4 31. Nxa6 Ne6 32. Red1 Rad8 33. Kf1 Nxd4 34. Nc7 Rf8 35. Bxd4 Bxd4 36. Rxd4 Rxd4 37. Ne6 Rd3 38. Nxf8 Kxf8 39. Rc8+ Kf7 40. Rc7+ Kf6 41. Rc6+ Kf7 42. Ra6 Rxb3 43. g3 b4 44. Rxa7+ Kf6 45. Ra6+ Kf5 46. Ra5+ Kf6 47. Ra6+ Kf5 48. axb4 Rxb4 49. Kg2 Rb2 50. Ra5+ Kf6 51. Ra4 Kg5 52. Rf4 Rb1 53. Rf8 Ra1 54. Rf7 Rb1 55. h4+ gxh3+ 56. Kxh3 Rh1+ 57. Kg2 Ra1 58. f3 Rb1 59. Ra7 Kf5 60. Ra5+ Kf6 61. Kh3 Rb4 62. Ra6+ Kg7 63. f4 Rb3 64. Kh4 Rb5 65. g4 g5+ 66. fxg5 Rb1 67. g6 Kh6 68. Re6 Rb3 69. Ra6 Rc3 70. Re6 Rb3 71. g5+ Kg7 72. Kg4 Rb1 73. Kf5 1/2-1/2

[Event "elllobregat Open-A 2019"]
[Site "El Prat de Llobregat"]
[Date "2019.12.06"]
[Round "4.4"]
[White "Bartel, Mateusz"]
[Black "Erenberg, Ariel"]
[Result "1/2-1/2"]
[ECO "C84"]
[WhiteElo "2634"]
[BlackElo "2479"]
[Annotator "RC"]
[PlyCount "76"]
[EventDate "2019.12.03"]
[EventType "swiss"]
[EventCountry "ESP"]
[SourceTitle "playchess.com"]
[Source "ChessBase"]
[SourceQuality "1"]
[TimeControl "40/5400+30:1800+30"]

1. e4 e5 2. Nf3 Nc6 3. Bb5 a6 4. Ba4 Nf6 5. O-O Be7 6. d3 b5 7. Bb3 O-O 8. h3 d6 9. Bd2 a5 10. a3 a4 11. Ba2 Bd7 12. Nc3 b4 13. axb4 Nxb4 14. Bc4 Qb8 15. Be3 c5 16. Qd2 h6 17. Ra3 Bc6 18. Rfa1 d5 19. exd5 Nfxd5 20. Nxd5 Nxd5 21. Qe2 Re8 22. Bc1 Bf6 23. Bxd5 Bxd5 24. Rxa4 Rxa4 25. Rxa4 Qb5 26. Re4 Bxe4 27. Qxe4 Qa6 28. Kh2 Qa8 29. Qc4 Qc6 30. Nd2 Bg5 31. h4 Bxd2 32. Bxd2 e4 33. Be3 exd3 34. cxd3 Rc8 35. b3 Qd6+ 36. g3 Rc6 37. Kg2 Qf6 38. Bxc5 Ra6 1/2-1/2

[Event "elllobregat Open-A 2019"]
[Site "El Prat de Llobregat"]
[Date "2019.12.06"]
[Round "4.5"]
[White "Akash Pc, Iyer"]
[Black "Puranik, Abhimanyu"]
[Result "0-1"]
[ECO "D70"]
[WhiteElo "2415"]
[BlackElo "2580"]
[Annotator "ChessBase"]
[PlyCount "100"]
[EventDate "2019.12.03"]
[EventType "swiss"]
[EventCountry "ESP"]
[SourceTitle "playchess.com"]
[Source "ChessBase"]
[SourceQuality "1"]
[TimeControl "40/5400+30:1800+30"]

1. d4 Nf6 2. c4 g6 3. f3 d5 4. cxd5 Nxd5 5. e4 Nb6 6. Nc3 Bg7 7. Be3 O-O 8. Qd2 Nc6 9. O-O-O Qd6 10. Nb5 Qd7 11. f4 a6 12. Nc3 Rd8 13. Nf3 Qe8 14. Qf2 Na7 15. Kb1 Nb5 16. Rc1 f5 17. Nd5 Nxd5 18. exd5 b6 19. Bc4 Bb7 20. d6+ e6 21. dxc7 Be4+ 22. Ka1 Nxc7 23. h4 Bxf3 24. Qxf3 h5 25. Qb7 Rd7 26. Qxb6 Rb8 27. Qc6 Qe7 28. Bb3 Nd5 29. Rhe1 Rd6 30. Qc5 Qd7 31. Bd2 Kh7 32. g3 Rb5 33. Qc4 Qb7 34. Qc8 Bxd4 35. Qxb7+ Rxb7 36. Re2 Nf6 37. Bc3 Bxc3 38. Rxc3 Ne4 39. Rce3 Rc7 40. Re1 Kg7 41. a3 Kf6 42. Ba2 Rc2 43. Bb1 Rg2 44. Bxe4 fxe4 45. Rxe4 Rxg3 46. Re5 Rg4 47. Rg5 Rd5 48. Rxd5 exd5 49. Re5 Rxh4 50. Rxd5 Rxf4 0-1

[Event "elllobregat Open-A 2019"]
[Site "El Prat de Llobregat"]
[Date "2019.12.06"]
[Round "4.6"]
[White "Sosa, Tomas"]
[Black "Raja Rithvik R"]
[Result "0-1"]
[ECO "B90"]
[WhiteElo "2520"]
[BlackElo "2381"]
[Annotator "ChessBase"]
[PlyCount "76"]
[EventDate "2019.12.03"]
[EventType "swiss"]
[EventCountry "ESP"]
[SourceTitle "playchess.com"]
[Source "ChessBase"]
[SourceQuality "1"]
[TimeControl "40/5400+30:1800+30"]

1. e4 c5 2. Nf3 d6 3. d4 cxd4 4. Nxd4 Nf6 5. Nc3 a6 6. Nb3 e6 7. g4 Be7 8. g5 Nfd7 9. h4 b5 10. Bg2 Bb7 11. f4 Nc5 12. Be3 Nbd7 13. Qd4 O-O 14. O-O-O Rc8 15. Kb1 Qc7 16. Nxc5 Nxc5 17. Rh3 Rfd8 18. h5 Na4 19. Bc1 d5 20. h6 e5 21. Qxe5 Qxe5 22. fxe5 Nxc3+ 23. bxc3 dxe4 24. Re1 Rc4 25. hxg7 Bc8 26. Rh6 Bf5 27. Rxa6 b4 28. cxb4 Bxb4 29. Re3 Bc5 30. Rf6 Bxe3 31. Bxe3 Be6 32. Rf4 Rb4+ 33. Kc1 Bxa2 34. c3 Rb1+ 35. Kc2 Rdd1 36. c4 Bb3+ 37. Kc3 Rd3+ 38. Kb4 Rxe3 0-1

[Event "elllobregat Open-A 2019"]
[Site "El Prat de Llobregat"]
[Date "2019.12.06"]
[Round "4.7"]
[White "Arizmendi Martinez, Julen Luis"]
[Black "Kobo, Ori"]
[Result "1/2-1/2"]
[ECO "C68"]
[WhiteElo "2511"]
[BlackElo "2457"]
[Annotator "ChessBase"]
[PlyCount "79"]
[EventDate "2019.12.03"]
[EventType "swiss"]
[EventCountry "ESP"]
[SourceTitle "playchess.com"]
[Source "ChessBase"]
[SourceQuality "1"]
[TimeControl "40/5400+30:1800+30"]

1. e4 e5 2. Nf3 Nc6 3. Bb5 a6 4. Bxc6 dxc6 5. O-O f6 6. d4 Bg4 7. dxe5 Qxd1 8. Rxd1 fxe5 9. Nbd2 O-O-O 10. Re1 Re8 11. h3 Bh5 12. b3 Nf6 13. Bb2 Bd6 14. Nh4 Nd7 15. Bc3 Bf7 16. Nf5 Bf8 17. Nf3 g6 18. Ne3 Bd6 19. Ng5 Bg8 20. Rad1 h6 21. Nf3 Be6 22. Ng4 Bxg4 23. hxg4 g5 24. Nh2 Nf6 25. Rd3 h5 26. gxh5 Rxh5 27. Rf3 Reh8 28. Rxf6 Rxh2 29. Kf1 R8h4 30. g3 Rh1+ 31. Kg2 Rxe1 32. gxh4 Rxe4 33. h5 Kd7 34. Rg6 Rg4+ 35. Kf1 Rh4 36. h6 Bf8 37. Rg7+ Kd6 38. Rg6+ Kd7 39. Rg7+ Kd6 40. Rg6+ 1/2-1/2

[Event "elllobregat Open-A 2019"]
[Site "El Prat de Llobregat"]
[Date "2019.12.06"]
[Round "4.8"]
[White "Perez Mitjans, Orelvis"]
[Black "Del Rio De Angelis, Salvador G."]
[Result "1/2-1/2"]
[ECO "C18"]
[WhiteElo "2412"]
[BlackElo "2507"]
[Annotator "ChessBase"]
[PlyCount "74"]
[EventDate "2019.12.03"]
[EventType "swiss"]
[EventCountry "ESP"]
[SourceTitle "playchess.com"]
[Source "ChessBase"]
[SourceQuality "1"]
[TimeControl "40/5400+30:1800+30"]

1. e4 e6 2. d4 d5 3. Nc3 Bb4 4. e5 c5 5. a3 Bxc3+ 6. bxc3 Qa5 7. Bd2 Qa4 8. Qb1 c4 9. Nf3 Nc6 10. Be2 Nge7 11. O-O Bd7 12. Nh4 O-O-O 13. f4 Rhg8 14. Bg4 f5 15. exf6 gxf6 16. Bh3 f5 17. Nf3 Kc7 18. Ne5 Nc8 19. Be1 Nd6 20. Bh4 Rde8 21. Bf6 Bc8 22. Nxc6 Kxc6 23. Be5 Ne4 24. Qb2 b6 25. Rf3 Kb7 26. Re3 Bd7 27. Qc1 Re7 28. Rb1 Be8 29. Rb4 Qc6 30. Qe1 Bh5 31. g3 Be8 32. Bg2 h5 33. h4 Rh7 34. Kh2 Rh6 35. Qe2 Qd7 36. Rb1 Qe7 37. Ra1 Rhg6 1/2-1/2

[Event "elllobregat Open-A 2019"]
[Site "El Prat de Llobregat"]
[Date "2019.12.06"]
[Round "4.9"]
[White "Gual Pascual, Antonio"]
[Black "Zanan, Evgeny"]
[Result "0-1"]
[ECO "A34"]
[WhiteElo "2349"]
[BlackElo "2493"]
[Annotator "RC"]
[PlyCount "96"]
[EventDate "2019.12.03"]
[EventType "swiss"]
[EventCountry "ESP"]
[SourceTitle "playchess.com"]
[Source "ChessBase"]
[SourceQuality "1"]
[TimeControl "40/5400+30:1800+30"]

1. Nf3 c5 2. c4 Nf6 3. Nc3 d5 4. cxd5 Nxd5 5. g3 Nc6 6. Bg2 Nc7 7. d3 e5 8. O-O Be7 9. Bd2 O-O 10. a3 Be6 11. Rc1 Rc8 12. Be1 Nd5 13. Nxd5 Bxd5 14. Bc3 Qd6 15. b4 cxb4 16. axb4 a6 17. Qa4 b5 18. Qa1 f6 19. Rfe1 Qd7 20. Rb1 Ra8 21. e4 Bf7 22. d4 a5 23. bxa5 b4 24. d5 bxc3 25. dxc6 Qxc6 26. Bf1 c2 27. Rbc1 Bb4 28. Re2 Bb3 29. Ne1 Bxa5 30. Qb2 Rab8 31. Nxc2 Bc4 32. Ne3 Rxb2 33. Rxb2 Qxe4 34. Bxc4+ Kh8 35. Bd5 Qd4 36. Ra2 Bb6 37. Rb1 Bc5 38. Rc2 Ba3 39. Rb7 Bd6 40. Rc6 Bb8 41. Ra6 Qc5 42. Rc6 Qa5 43. Be4 Ba7 44. Rcc7 Qe1+ 45. Kg2 Bxe3 46. Rxg7 Qxf2+ 47. Kh3 Qf1+ 48. Kh4 Bg5+ {[%emt 0:00:16] Kh3 Be3+ Bg2 Qf5+ g4 Qd3 Kh4} 0-1

[Event "elllobregat Open-A 2019"]
[Site "El Prat de Llobregat"]
[Date "2019.12.06"]
[Round "4.10"]
[White "Kacharava, Nikolozi"]
[Black "Lagarde, Maxime"]
[Result "0-1"]
[ECO "B56"]
[WhiteElo "2416"]
[BlackElo "2655"]
[Annotator "RC"]
[PlyCount "68"]
[EventDate "2019.12.03"]
[EventType "swiss"]
[EventCountry "ESP"]
[SourceTitle "playchess.com"]
[Source "ChessBase"]
[SourceQuality "1"]
[TimeControl "40/5400+30:1800+30"]

1. e4 c5 2. Nf3 Nc6 3. d4 cxd4 4. Nxd4 Nf6 5. Nc3 d6 6. f3 e5 7. Nb3 Be7 8. Be3 Be6 9. Qe2 O-O 10. O-O-O Qc8 11. g4 a5 12. g5 Ne8 13. Na4 Bd8 14. Kb1 b5 15. Nc3 a4 16. Nc1 Na5 17. Nd5 Nc4 18. Qf2 f5 19. gxf6 Nxf6 20. Nxf6+ Bxf6 21. Bxc4 bxc4 22. Rxd6 Be7 23. Rb6 c3 24. b3 axb3 25. Nxb3 Bxb3 26. axb3 Ba3 27. Rg1 Bb2 28. Rxg7+ Kxg7 29. Qg3+ Kf7 30. Rf6+ Kxf6 31. Qh4+ Ke6 32. Qh3+ Kd6 33. Qh6+ Qe6 34. Bc5+ Kxc5 0-1

[Event "elllobregat Open-A 2019"]
[Site "El Prat de Llobregat"]
[Date "2019.12.06"]
[Round "4.11"]
[White "Gukesh D"]
[Black "Dhulipalla Bala Chandra Prasad"]
[Result "0-1"]
[ECO "C55"]
[WhiteElo "2547"]
[BlackElo "2414"]
[Annotator "ChessBase"]
[PlyCount "96"]
[EventDate "2019.12.03"]
[EventType "swiss"]
[EventCountry "ESP"]
[SourceTitle "playchess.com"]
[Source "ChessBase"]
[SourceQuality "1"]
[TimeControl "40/5400+30:1800+30"]

1. e4 e5 2. Nf3 Nc6 3. Bc4 Nf6 4. d3 Be7 5. O-O O-O 6. h3 d6 7. a4 Na5 8. Ba2 c5 9. Nbd2 Nc6 10. c3 h6 11. Re1 a6 12. Nf1 Be6 13. Ng3 Qd7 14. Nh4 Rfe8 15. Nhf5 Bf8 16. Bb1 Kh7 17. d4 cxd4 18. cxd4 Bxf5 19. Nxf5 g6 20. d5 gxf5 21. dxc6 bxc6 22. Ra3 Kh8 23. exf5 d5 24. Rg3 Rab8 25. b3 c5 26. Rge3 e4 27. Bb2 d4 28. Bxe4 Nxe4 29. Rxe4 Rxe4 30. Rxe4 Qxf5 31. Qd3 Rxb3 32. Qxb3 Qxe4 33. Qxf7 Bg7 34. Kh2 Qc6 35. g3 c4 36. Ba3 Qc8 37. Be7 Qg8 38. Qg6 Qh7 39. Qxa6 Qc2 40. Kg1 Qb1+ 41. Kh2 Qf5 42. Qa8+ Kh7 43. a5 d3 44. Bb4 c3 45. a6 d2 46. Qg2 d1=Q 47. a7 Qa4 48. a8=Q Qxb4 0-1

[Event "elllobregat Open-A 2019"]
[Site "El Prat de Llobregat"]
[Date "2019.12.06"]
[Round "4.12"]
[White "Harsha Bharathakoti"]
[Black "Rathanvel, V S"]
[Result "1-0"]
[ECO "D90"]
[WhiteElo "2523"]
[BlackElo "2410"]
[Annotator "ChessBase"]
[PlyCount "75"]
[EventDate "2019.12.03"]
[EventType "swiss"]
[EventCountry "ESP"]
[SourceTitle "playchess.com"]
[Source "ChessBase"]
[SourceQuality "1"]
[TimeControl "40/5400+30:1800+30"]

1. d4 Nf6 2. c4 g6 3. Nc3 d5 4. Nf3 Bg7 5. h4 dxc4 6. e4 c5 7. d5 b5 8. h5 Nxh5 9. Nxb5 O-O 10. Bxc4 Bg4 11. Qc2 Bxf3 12. gxf3 Nd7 13. f4 Qb8 14. Rh4 a6 15. Nc3 Qb4 16. Be2 Nhf6 17. Bd2 Rab8 18. e5 Qxb2 19. Qxb2 Rxb2 20. exf6 Bxf6 21. Rh3 Nb6 22. Ne4 Nxd5 23. Nxf6+ exf6 24. Rb3 Rxb3 25. axb3 Nc7 26. Be3 Re8 27. Bc4 h5 28. Kf1 Re4 29. Ra5 Ne6 30. Rxa6 Nxf4 31. Rxf6 Ne6 32. Bxe6 fxe6 33. Rxg6+ Kf7 34. Rg5 Rb4 35. Rxc5 Rxb3 36. Rxh5 Kg6 37. Ra5 Rb2 38. Kg2 1-0

[Event "elllobregat Open-A 2019"]
[Site "El Prat de Llobregat"]
[Date "2019.12.06"]
[Round "4.15"]
[White "Barseghyan, Harutyun"]
[Black "Jerez Perez, Alfonso"]
[Result "0-1"]
[ECO "D83"]
[WhiteElo "2498"]
[BlackElo "2369"]
[Annotator "ChessBase"]
[PlyCount "55"]
[EventDate "2019.12.03"]
[EventType "swiss"]
[EventCountry "ESP"]
[SourceTitle "playchess.com"]
[Source "ChessBase"]
[SourceQuality "1"]
[TimeControl "40/5400+30:1800+30"]

1. d4 Nf6 2. c4 g6 3. Nc3 d5 4. Bf4 Bg7 5. e3 O-O 6. Rc1 Be6 7. Nf3 dxc4 8. Ng5 Bd5 9. e4 h6 10. exd5 hxg5 11. Bxg5 Nxd5 12. Bxc4 Nb6 13. Bb3 Nc6 14. Ne2 a5 15. a4 Rc8 16. O-O Nxd4 17. Nxd4 Qxd4 18. Qf3 e6 19. Rfe1 Nd7 20. Rxe6 Ne5 21. Qh3 Rce8 22. Re7 Rxe7 23. Bxe7 Re8 24. Rxc7 Qxb2 25. Kf1 Qb1+ 26. Ke2 Nc6 27. Qf3 Nd4+ 28. Ke3 0-1

[Event "elllobregat Open-A 2019"]
[Site "El Prat de Llobregat"]
[Date "2019.12.06"]
[Round "4.16"]
[White "Sankalp Gupta"]
[Black "Movsziszian, Karen"]
[Result "1/2-1/2"]
[ECO "B06"]
[WhiteElo "2365"]
[BlackElo "2476"]
[Annotator "ChessBase"]
[PlyCount "85"]
[EventDate "2019.12.03"]
[EventType "swiss"]
[EventCountry "ESP"]
[SourceTitle "playchess.com"]
[Source "ChessBase"]
[SourceQuality "1"]
[TimeControl "40/5400+30:1800+30"]

1. e4 g6 2. d4 Bg7 3. Nf3 d6 4. Bc4 Nc6 5. O-O Nf6 6. e5 dxe5 7. Nxe5 O-O 8. Nxc6 bxc6 9. c3 Qd6 10. Qf3 Bg4 11. Qg3 c5 12. Qxd6 cxd6 13. dxc5 dxc5 14. Nd2 Nd7 15. Re1 Ne5 16. Bf1 Rfd8 17. Nc4 Nd3 18. Rxe7 Be6 19. Rxe6 fxe6 20. Be3 Rd5 21. a4 Rb8 22. Bxd3 Rxd3 23. a5 a6 24. Kf1 Rb5 25. Ke2 Rd7 26. g4 Bf6 27. Kf3 g5 28. Ke4 Kg7 29. f4 h6 30. fxg5 hxg5 31. Bf2 Rd5 32. Bg3 Rb7 33. Rf1 Rbd7 34. Nb6 Rd1 35. Nxd7 Rxf1 36. Nxc5 Rb1 37. Nd3 Kf7 38. Bd6 Ke8 39. Ba3 Ra1 40. c4 Bc3 41. Nc5 Re1+ 42. Kf3 Bxa5 43. Nxa6 1/2-1/2

[Event "elllobregat Open-A 2019"]
[Site "El Prat de Llobregat"]
[Date "2019.12.07"]
[Round "5.2"]
[White "Puranik, Abhimanyu"]
[Black "Zanan, Evgeny"]
[Result "1/2-1/2"]
[ECO "C92"]
[WhiteElo "2580"]
[BlackElo "2493"]
[Annotator "ChessBase"]
[PlyCount "97"]
[EventDate "2019.12.03"]
[EventType "swiss"]
[EventCountry "ESP"]
[SourceTitle "playchess.com"]
[Source "ChessBase"]
[SourceQuality "1"]
[TimeControl "40/5400+30:1800+30"]

1. e4 e5 2. Nf3 Nc6 3. Bb5 a6 4. Ba4 Nf6 5. O-O Be7 6. Re1 b5 7. Bb3 d6 8. c3 O-O 9. h3 Bb7 10. d4 Re8 11. Nbd2 Bf8 12. a4 Na5 13. Bc2 b4 14. Bd3 exd4 15. cxd4 g6 16. b3 d5 17. e5 Nd7 18. Nf1 Bg7 19. Bg5 Qb8 20. Ne3 c5 21. Ng4 cxd4 22. Bh6 Bh8 23. Bd2 Bg7 24. Bxb4 h5 25. Ng5 Nxe5 26. Nxe5 Rxe5 27. Rxe5 Qxe5 28. Nxf7 Kxf7 29. Bxa5 Bf8 30. Qf3+ Qf6 31. Qxf6+ Kxf6 32. Bb6 Bd6 33. f4 Rc8 34. Bxd4+ Kf7 35. f5 gxf5 36. Bxf5 Bc5 37. Rd1 Bxd4+ 38. Rxd4 Rc3 39. Rb4 Bc6 40. Rb6 a5 41. b4 axb4 42. a5 Ke7 43. a6 Kd6 44. Rxb4 Ra3 45. Bc8 Kc5 46. Rh4 Be8 47. Bb7 d4 48. Re4 Bb5 49. Re5+ 1/2-1/2

[Event "elllobregat Open-A 2019"]
[Site "El Prat de Llobregat"]
[Date "2019.12.07"]
[Round "5.3"]
[White "Raja Rithvik R"]
[Black "Alonso Rosell, Alvar"]
[Result "1/2-1/2"]
[ECO "D02"]
[WhiteElo "2381"]
[BlackElo "2548"]
[Annotator "ChessBase"]
[PlyCount "31"]
[EventDate "2019.12.03"]
[EventType "swiss"]
[EventCountry "ESP"]
[SourceTitle "playchess.com"]
[Source "ChessBase"]
[SourceQuality "1"]
[TimeControl "40/5400+30:1800+30"]

1. Nf3 d5 2. d4 Nf6 3. c4 e6 4. g3 Bb4+ 5. Bd2 Bd6 6. Nc3 O-O 7. Bg5 c6 8. Bg2 h6 9. Bxf6 Qxf6 10. O-O Qd8 11. Qb3 Nd7 12. e4 dxc4 13. Qxc4 e5 14. Rad1 Qe7 15. Rfe1 Nb6 16. Qb3 1/2-1/2

[Event "elllobregat Open-A 2019"]
[Site "El Prat de Llobregat"]
[Date "2019.12.07"]
[Round "5.4"]
[White "Kjartansson, Gudmundur"]
[Black "Erigaisi Arjun"]
[Result "0-1"]
[ECO "D31"]
[WhiteElo "2448"]
[BlackElo "2544"]
[Annotator "ChessBase"]
[PlyCount "136"]
[EventDate "2019.12.03"]
[EventType "swiss"]
[EventCountry "ESP"]
[SourceTitle "playchess.com"]
[Source "ChessBase"]
[SourceQuality "1"]
[TimeControl "40/5400+30:1800+30"]

1. d4 e6 2. c4 d5 3. Nc3 c6 4. e4 dxe4 5. Nxe4 Bb4+ 6. Bd2 Qxd4 7. Bxb4 Qxe4+ 8. Be2 Na6 9. Bd6 e5 10. Nf3 Bg4 11. Nxe5 Qxe2+ 12. Qxe2 Bxe2 13. Kxe2 Nh6 14. Rhd1 O-O-O 15. Kf1 f6 16. Nf3 Nf5 17. Ba3 h5 18. b3 b6 19. Ne1 Nc7 20. Rd3 Ne6 21. Rad1 Rxd3 22. Rxd3 Re8 23. Nc2 Ng5 24. Bc1 Ne4 25. Ne3 Nh6 26. b4 Nf7 27. f3 Ned6 28. Kf2 Kc7 29. Bb2 Nh6 30. a4 Nb7 31. b5 Nc5 32. Ra3 Rd8 33. Ke2 Nf7 34. a5 cxb5 35. cxb5 Nd6 36. axb6+ axb6 37. Ra7+ Ncb7 38. Nd5+ Kb8 39. Ra4 Rc8 40. Rb4 Rc2+ 41. Kf1 Nc5 42. Ne3 Rd2 43. Rd4 Rxb2 44. Rxd6 Rxb5 45. Rd8+ Kc7 46. Rd5 Rb1+ 47. Ke2 Ne6 48. Kd2 Rb2+ 49. Kd1 Nf4 50. Rf5 Nxg2 51. Nxg2 Rxg2 52. Rxh5 Rg5 53. Rh8 Kd6 54. h4 Rd5+ 55. Ke2 b5 56. Rh7 g5 57. h5 Re5+ 58. Kd3 Re7 59. Rh8 Ke5 60. Ke3 Kf5+ 61. Kf2 Rb7 62. Rg8 b4 63. Re8 b3 64. Re1 b2 65. Rb1 Rb3 66. Kg2 Ke6 67. Kg3 f5 68. Kg2 Kf6 0-1

[Event "elllobregat Open-A 2019"]
[Site "El Prat de Llobregat"]
[Date "2019.12.07"]
[Round "5.9"]
[White "Low, Zhen Yu Cyrus"]
[Black "Arizmendi Martinez, Julen Luis"]
[Result "1/2-1/2"]
[ECO "B33"]
[WhiteElo "2420"]
[BlackElo "2511"]
[Annotator "ChessBase"]
[PlyCount "73"]
[EventDate "2019.12.03"]
[EventType "swiss"]
[EventCountry "ESP"]
[SourceTitle "playchess.com"]
[Source "ChessBase"]
[SourceQuality "1"]
[TimeControl "40/5400+30:1800+30"]

1. e4 c5 2. Nf3 Nc6 3. d4 cxd4 4. Nxd4 Nf6 5. Nc3 e6 6. Nxc6 bxc6 7. e5 Nd5 8. Ne4 Qc7 9. f4 Qb6 10. c4 Bb4+ 11. Ke2 f5 12. exf6 Nxf6 13. Be3 Qd8 14. Nd6+ Bxd6 15. Qxd6 Bb7 16. Rd1 Rc8 17. Rg1 c5 18. g4 h6 19. Bg2 Bxg2 20. Rxg2 Qb6 21. Qxb6 axb6 22. Rd6 Rb8 23. Kf3 Rb7 24. b4 cxb4 25. Rxb6 Rxb6 26. Bxb6 d5 27. Rb2 dxc4 28. Rxb4 Nd5 29. Rxc4 Nxb6 30. Rc6 Ke7 31. Rxb6 Ra8 32. Rb2 Ra3+ 33. Ke2 Ra4 34. Ke3 Ra3+ 35. Kf2 Ra4 36. Ke3 Ra3+ 37. Ke4 1/2-1/2

[Event "elllobregat Open-A 2019"]
[Site "El Prat de Llobregat"]
[Date "2019.12.07"]
[Round "5.10"]
[White "Del Rio De Angelis, Salvador G."]
[Black "Dhulipalla Bala Chandra Prasad"]
[Result "1/2-1/2"]
[ECO "D31"]
[WhiteElo "2507"]
[BlackElo "2414"]
[Annotator "ChessBase"]
[PlyCount "39"]
[EventDate "2019.12.03"]
[EventType "swiss"]
[EventCountry "ESP"]
[SourceTitle "playchess.com"]
[Source "ChessBase"]
[SourceQuality "1"]
[TimeControl "40/5400+30:1800+30"]

1. d4 d5 2. c4 e6 3. Nc3 a6 4. cxd5 exd5 5. Nf3 c6 6. Bf4 Nf6 7. e3 Nh5 8. Bg5 Be7 9. Bxe7 Qxe7 10. Qc2 O-O 11. Bd3 g6 12. O-O Bg4 13. Nd2 Nd7 14. Rfe1 Rfe8 15. Nf1 Ndf6 16. Na4 Ng7 17. Qc5 Qc7 18. Qb6 Qe7 19. Qc5 Qc7 20. Qb6 1/2-1/2

[Event "elllobregat Open-A 2019"]
[Site "El Prat de Llobregat"]
[Date "2019.12.07"]
[Round "5.11"]
[White "Erenberg, Ariel"]
[Black "Perez Mitjans, Orelvis"]
[Result "1/2-1/2"]
[ECO "E62"]
[WhiteElo "2479"]
[BlackElo "2412"]
[Annotator "ChessBase"]
[PlyCount "64"]
[EventDate "2019.12.03"]
[EventType "swiss"]
[EventCountry "ESP"]
[SourceTitle "playchess.com"]
[Source "ChessBase"]
[SourceQuality "1"]
[TimeControl "40/5400+30:1800+30"]

1. d4 Nf6 2. c4 g6 3. g3 Bg7 4. Bg2 O-O 5. Nc3 d6 6. Nf3 Nc6 7. O-O Bg4 8. d5 Na5 9. b3 c5 10. Bb2 a6 11. Nd2 Rb8 12. Qc2 b5 13. Rae1 bxc4 14. bxc4 e5 15. Nd1 Bd7 16. Bc3 Nb7 17. e4 Nh5 18. Nb2 f5 19. Nd3 f4 20. Rb1 Bc8 21. Rb2 Ra8 22. Rfb1 Qe7 23. Qa4 Nd8 24. Rb8 Rxb8 25. Rxb8 Qc7 26. Rb1 Bh6 27. Qa5 Qd7 28. Rb8 Nf7 29. Qb6 Qa4 30. Qb3 Qd7 31. Qb6 Qa4 32. Qb3 Qd7 1/2-1/2